 Dungeon Crawl Stone Soup version 0.31.0-12-g77e489cdc1 (webtiles) character file.

Game seed: 18199016800190776158

1644 hawla the Ducker (level 8, -3/41 HPs)
             Began as a Deep Elf Fire Elementalist on Feb 19, 2024.
             Was a Follower of Vehumet.
             Shot with an arrow by a centaur (11 damage)
             ... on level 6 of the Dungeon.
             The game lasted 00:13:55 (6294 turns).

hawla the Ducker (Deep Elf Fire Elementalist)       Turns: 6294, Time: 00:13:56

Health: -3/41      AC:  4    Str:  8    XL:     8   Next: 67%
Magic:  8/16       EV: 15    Int: 23    God:    Vehumet [*.....]
Gold:   649        SH:  0    Dex: 15    Spells: 4/15 levels left

rFire   . . .        (no weapon)
rCold   . . .        (no shield)
rNeg    + . .        a - +0 robe
rPois   .            (no helmet)
rElec   .            (no cloak)
rCorr   .            j - +1 pair of gloves
SInv    +            (no boots)
Will    .....        b - amulet of the acrobat
Stlth   +++          c - ring of Wyhuy {rN+ Str+3 Slay+3 SInv}
HPRegen 0.26/turn    e - ring of wizardry
MPRegen 0.15/turn

%: acrobat, wizardry (x1)
@: very slightly contaminated
A: no striking features
a: Renounce Religion


You were on level 6 of the Dungeon.
You worshipped Vehumet.
Vehumet was aware of your devotion.
You visited 1 branch of the dungeon, and saw 6 of its levels.

You collected 649 gold pieces.

Inventory:

Armour
 a - a +0 robe (worn)
 j - a +1 pair of gloves (worn)
Jewellery
 b - an amulet of the acrobat (around neck)
 c - the ring of Wyhuy (left hand) {rN+ Str+3 Slay+3 SInv}
   (You found it on level 5 of the Dungeon)

   [ring of positive energy]

   Str+3:     It affects your strength (+3).
   Slay+3:    It affects your accuracy & damage with ranged weapons and melee
   (+3).
   rN+:       It protects you from negative energy.
   SInv:      It lets you see invisible.
 e - a ring of wizardry (right hand)
 l - a ring of protection from fire
Wands
 m - a wand of paralysis (8)
Scrolls
 d - a scroll of vulnerability {unknown}
 f - a scroll of blinking
 i - 2 scrolls of amnesia
Potions
 g - a potion of resistance
 h - a potion of curing
 k - 2 potions of might {unknown}


   Skills:
 - Level 7.0 Dodging
 - Level 6.0 Stealth
 - Level 4.0 Spellcasting
 - Level 6.0 Conjurations
 - Level 5.0 Fire Magic
 + Level 4.6 Air Magic
 - Level 2.0 Alchemy


You had 4 spell levels left.
You knew the following spells:

 Your Spells              Type           Power      Damage    Failure   Level
a - Foxfire               Conj/Fire      100%       2x1d9     1%          1
b - Scorch                Fire           54%        2d7       1%          2
c - Flame Wave            Conj/Fire      29%        2d9       4%          4
d - Airstrike             Air            12%        2d(2-18)  6%          4

Your spell library contained the following spells:

 Spells                   Type           Power      Damage    Failure   Level
 Sting                    Conj/Alch      92%        1d8       1%          1
 Shock                    Conj/Air       100%       1d9       1%          1
 Swiftness                Air            25%        N/A       1%          3
 Hailstorm                Conj/Ice       18%        3d7       3%          3
 Freeze                   Ice            16%        1d4       4%          1
 Inner Flame              Hex/Fire       16%        N/A       4%          3
 Volatile Blastmotes      Fire/Tloc      32%        2d12      4%          3
 Frozen Ramparts          Ice            8%         1d2       12%         3


Dungeon Overview and Level Annotations

Branches:
Dungeon (6/15)             Temple (0/1) D:5

Altars:
Cheibriados
Dithmenos
Elyvilon
Sif Muna
Trog
Vehumet
The Shining One

Annotations:
D:4 2 runed translucent doors, Villanelle's ghost, amateur HuAl
D:6 2 transporters


Message History

The foxfire hits the centaur.
The centaur is moderately wounded.
The centaur shoots an arrow.
The arrow closely misses you.
The centaur shoots an arrow.
The arrow closely misses you.
Casting: Foxfire (safe; 1% risk of failure)
Confirm with . or Enter, or press ? or * to list all spells.
You conjure some foxfire!
The foxfire hits the centaur.
The centaur is moderately wounded.
The foxfire hits the centaur.
The centaur is heavily wounded.
The centaur shoots an arrow.
The arrow misses you. The arrow hits your foxfire.
Casting: Foxfire (safe; 1% risk of failure)
Confirm with . or Enter, or press ? or * to list all spells.
Flames lash the centaur.
The centaur is almost dead.
The centaur's fire resistance burns away.
The foxfire hits the centaur but does no damage.
The centaur is almost dead.
The foxfire hits the centaur.
The centaur is burned terribly!
You kill the centaur!
Vehumet accepts your kill.
The centaur shoots an arrow.
The arrow completely misses you.
The centaur shoots an arrow.
The arrow hits you. The arrow burns you.
Training target 2.0 for Alchemy reached!
Your Alchemy skill increases to level 2!
Casting: Scorch (safe; 1% risk of failure)
Confirm with . or Enter, or press ? or * to list all spells.
You conjure some foxfire!
The centaur shoots an arrow.
The arrow hits you!
* * * LOW HITPOINT WARNING * * *
The arrow burns you.
* * * LOW HITPOINT WARNING * * *
Casting: Foxfire (safe; 1% risk of failure)
Confirm with . or Enter, or press ? or * to list all spells.
Flames lash the iguana.
The iguana is moderately wounded.
The iguana's fire resistance burns away.
The foxfire hits the iguana.
The iguana is burned terribly!
The iguana is heavily wounded.
The centaur shoots an arrow.
The arrow hits you!
You die...

................................#
........................÷.......#
.....................<..........#
.#.....?..##..[..................
.#........##.....................
...........#....................#
....######......###.............#
....# ...#....§.....).........#
....# ....#....@§.######.......#
.... ...........§# .........#
.... .........l.v# ###......# .#.
....##....c# .......# .# ....
#...... . . ... +.....># ..
#....... .........


You could see a centaur (ally target) and an iguana (combustible).

Vanquished Creatures
  Menkaure (D:5)
  A water moccasin (D:6)
  An ogre (D:4)
  2 black bears
  A centaur (D:6)
  3 phantoms
  4 scorpions
  2 jellies
  A hound (D:5)
  3 orc priests
  A sleepcap (D:6)
  3 iguanas
  3 orc wizards
  6 gnolls
  7 adders
  3 ribbon worms
  9 dart slugs
  21 orcs
  3 bats
  8 endoplasms
  2 giant cockroaches
  5 goblins
  7 hobgoblins
  2 jackals (D:1)
  4 quokkas
  7 ball pythons
  2 frilled lizards (D:1)
  10 kobolds
  4 rats
126 creatures vanquished.

Vanquished Creatures (others)
  314 foxfires
314 creatures vanquished.

Grand Total: 440 creatures vanquished

Notes
Turn   | Place    | Note
-------+----------+-------------------------------------------
     0 | D:1      | hawla the Deep Elf Fire Elementalist began the quest for
                  | the Orb.
     0 | D:1      | Reached XP level 1. HP: 10/10 MP: 6/6
   136 | D:1      | Reached skill level 3 in Dodging
   172 | D:1      | Reached XP level 2. HP: 12/15 MP: 6/8
   391 | D:1      | Reached skill level 4 in Dodging
   398 | D:1      | Found a faded altar of an unknown god.
   561 | D:1      | Reached XP level 3. HP: 19/19 MP: 5/9
   883 | D:1      | Learned a level 2 spell: Scorch
  1668 | D:3      | Reached skill level 5 in Dodging
  1683 | D:3      | Reached XP level 4. HP: 8/24 MP: 3/10
  1772 | D:3      | Reached skill level 6 in Dodging
  1908 | D:3      | Reached XP level 5. HP: 21/28 MP: 4/11
  2665 | D:3      | Reached skill level 7 in Dodging
  3039 | D:4      | Found a large runed translucent door.
  3039 | D:4      | Found a large runed translucent door.
  3041 | D:4      | Noticed Villanelle's ghost (amateur HuAl)
  3145 | D:4      | Reached XP level 6. HP: 8/32 MP: 0/12
  3322 | D:4      | Reached skill level 5 in Stealth
  3689 | D:4      | Reached XP level 7. HP: 36/36 MP: 8/13
  4211 | D:4      | Found a bloodstained altar of Trog.
  4306 | D:3      | Found a radiant altar of Vehumet.
  4306 | D:3      | Found a shadowy altar of Dithmenos.
  4327 | D:3      | Became a worshipper of Vehumet
  4359 | D:5      | Entered Level 5 of the Dungeon
  4363 | D:5      | Found a staircase to the Ecumenical Temple.
  4365 | D:5      | Noticed Menkaure
  4371 | D:5      | Killed Menkaure
  4372 | D:5      | Reached skill level 5 in Conjurations
  4377 | D:5      | Learned a level 4 spell: Flame Wave
  4624 | D:5      | Found a glowing golden altar of the Shining One.
  4624 | D:5      | Found a shimmering blue altar of Sif Muna.
  4737 | D:5      | Found a white marble altar of Elyvilon.
  4793 | D:5      | Identified the ring of Wyhuy {rN+ Str+3 Slay+3 SInv}
  4815 | D:5      | Reached XP level 8. HP: 39/41 MP: 6/14
  4889 | D:5      | Reached skill level 5 in Fire Magic
  4889 | D:5      | Reached skill level 1 in Air Magic
  5323 | D:5      | Learned a level 4 spell: Airstrike
  5959 | D:6      | Reached * piety under Vehumet
  5959 | D:6      | Offered knowledge of Sting by Vehumet.
  6006 | D:6      | Found a transporter.
  6013 | D:6      | Found a transporter.
  6033 | D:6      | Reached skill level 1 in Alchemy
  6137 | D:6      | Found a snail-covered altar of Cheibriados.
  6294 | D:6      | Shot with an arrow by a centaur

Illustrated notes

Levels and vault maps discovered:
D:1:      dpeg_arrival_erosion, layout_basic, nicolae_ecumenical_snake_handling
D:2:      layout_rooms
D:3:      layout_basic, nicolae_overflow_hidden_temple
D:4:      minmay_polygon_palace, layout_loops_ring,
          lemuel_coloured_pillars_altar, ebering_ghost_disaster_area,
          serial_library_regret_index_multi
D:5:      layout_loops_corners, nicolae_elyvilon_peaceful_grove,
          nicolae_overflow_two_pavilions, minmay_temple_entry_wispy,
          kennysheep_boxes, uniq_menkaure
D:6:      layout_basic, gammafunk_temple_overflow_arena, general_overflow_altar,
          minmay_gold_behind_fungi

Skill      XL: |  1  2  3  4  5  6  7  8 |
---------------+-------------------------+-----
Dodging        | 3 4 5 6 7 |  7.0
Stealth        | 4 6 |  6.0
Conjurations   | 2 6 |  6.0
Fire Magic     | 4 5 |  5.0
Air Magic      | 4 |  4.6
Spellcasting   | 4 |  4.0
Alchemy        | 2 |  2.0

Action                     |  1- 3 |  4- 6 |  7- 9 || total
---------------------------+-------+-------+-------++-------
  Melee: Unarmed           |    21 |    21 |    18 ||    60
         Punch             |       |       |     1 ||     1
   Cast: Foxfire           |    58 |    65 |    57 ||   180
         Scorch            |     4 |    25 |    31 ||    60
         Flame Wave        |       |       |     3 ||     3
    Use: Scroll            |     7 |     2 |     3 ||    12
         Potion            |     1 |     1 |     6 ||     8
   Stab: Sleeping          |       |     1 |     1 ||     2
 Armour: Robe              |    27 |    22 |    51 ||   100
         Skin              |       |     8 |       ||     8
  Dodge: Dodged            |    42 |    44 |    59 ||   145
